 Dungeon Sprint DCSS version 0.31-a0-799-g6bc09d010c (webtiles) character file.

Game seed: 353879604005280700

12963 sircluck the Brawler (level 11, -5/131 HPs)
             Began as a Troll Berserker on Sept 19, 2023.
             Was the Champion of Trog.
             Slain by a black mamba (14 damage)
             ... in the Dungeon (Sprint III: "The Ten Rune Challenge").
             The game lasted 00:03:56 (1195 turns).

sircluck the Brawler (Troll Berserker)              Turns: 1195, Time: 00:03:57

Health: -5/131     AC:  4    Str: 31    XL:     11   Next: 69%
Magic:  10/10      EV: 14    Int:  6    God:    Trog [******]
Gold:   33         SH:  0    Dex:  9    Spells: 10/10 levels left

rFire   . .          .
                       - Unarmed
rCold   . . .        (no shield)
rNeg    . . .        a - +0 animal skin
rPois   .            o - +0 hat {Int+3}
rElec   .            (no cloak)
rCorr   .            (gloves unavailable)
SInv    .            (boots unavailable)
Will    .....        (no amulet)
Stlth   +            (no ring)
HPRegen 1.21/turn    (no ring)
MPRegen 0.12/turn

%: no teleportation
@: lethally poisoned (-5 -> -11), on berserk cooldown, slowed, very slow
A: large, unfitting armour, claws 3, regeneration 1, shaggy fur 1, tough skin 1
a: Renounce Religion, Berserk, Trog's Hand, Brothers in Arms


You were in the Dungeon.
You worshipped Trog.
Trog was exalted by your worship.
You visited 1 branch You collected 33 gold pieces.

Inventory:

Armour
 a - a +0 animal skin (worn)
 o - a +0 hat of intelligence (worn)
Wands
 m - a wand of roots (11)
 n - a wand of digging (4)
Scrolls
 g - 2 scrolls of blinking
 h - 2 scrolls of identify {unknown}
 j - 2 scrolls of immolation {unknown}
Potions
 b - 2 potions of curing
 c - a potion of heal wounds
 d - a potion of haste
 e - 3 potions of magic
 f - a potion of berserk rage
 i - 4 potions of mutation
 k - 2 potions of enlightenment {unknown}
 l - a potion of attraction {unknown}
 p - a potion of cancellation {unknown}


   Skills:
 + Level 14.9 Fighting
 + Level 14.7 Dodging
 + Level 17.3 Unarmed Combat


You had 10 spell levels left.
You didn't know any spells.
Your spell library was empty.

Dungeon Overview and Level Annotations

Branches:
Dungeon (1/1)

Altars:
Cheibriados
Dithmenos
Elyvilon
Fedhas
Gozag
Hepliaklqana
Kikubaaqudgha
Makhleb
Nemelex Xobeh
Okawaru
Qazlal
Ru
Sif Muna
Trog
Uskayaw
Vehumet
Wu Jian
Xom
Yredelemnul
Zin
The Shining One
Jiyva
Lugonu


Innate Abilities, Weirdness & Mutations

You are too large for most types of armour.
You have claws for hands.
Your natural rate of healing is unusually fast.
You are covered in fur. (AC +1)
You have tough skin. (AC +1)


Message History

The blink frog is moderately wounded.
The blink frog hits you! x2
You closely miss the blink frog. Your claw misses the blink frog.
The blink frog is moderately wounded.
The blink frog hits you but does no damage.
You mangle the blink frog!!
You kill the blink frog!
Trog accepts your kill.
A black mamba comes into view.
The azure jelly quivers.
The black mamba hisses angrily.
A black mamba comes into view.
The azure jelly jiggles.
The black mamba bites something!!
The black mamba hisses angrily.
A nearby plant withers and dies.
The black mamba bites you!! The black mamba bites you! x2
* * * LOW HITPOINT WARNING * * *
You eviscerate the black mamba!!!
The black mamba is almost dead.
The black mamba barely misses you. The black mamba misses you.
The black mamba completely misses you. The black mamba bites you!
* * * LOW HITPOINT WARNING * * *
You are poisoned.
The black mamba poisons you!
You eviscerate the black mamba!!!
You kill the black mamba!
Trog accepts your kill.
You feel extremely sick. The black mamba closely misses you.
The black mamba barely misses you.
Unknown command.
Unknown command.
Unknown command.
You barely miss the black mamba.
You feel very sick.
The azure jelly quivers.
The black mamba bites you!
* * * LOW HITPOINT WARNING * * *
The black mamba bites you!
You die...

▓...#≈~§~§~§≈≈†'.....#.~♣♣♣
▓...#~~§§§§≈≈~♣♣♣♣♣♣♣#..♣
▓..)#≈≈≈§§~§≈≈♣ ###+
▓##'####+#######♣
▓........)......♣♣
▓#+#############'♣
.JJ#~P....†)....♣
▓..J+~~...########
▓..J#~~~..@.......
▓..J#~~~~..SPP....
#+#############+##


You could see 3 azure jellies and a black mamba.

Vanquished Creatures
  Gastronok (D)
  A dire elephant (D)
  Erolcha (D)
  3 death yaks (D)
  A deep elf pyromancer (D)
  A black mamba (D)
  2 cane toads (D)
  A rime drake (D)
  A komodo dragon (D)
  8 blink frogs (D)
  A shadow (D)
  3 wandering mushrooms (D)
  2 redbacks (D)
  A spatial vortex (D)
  A swamp drake (D)
  5 two-headed ogres (D)
  A water elemental (D)
  A necrophage (D)
  A jelly (D)
  A wizard (D)
  A necromancer (D)
  3 humans (D)
  A kobold demonologist (D)
  A wolf (D)
  2 endoplasms (D)
  2 rats (D)
  A ballistomycete spore (D)
48 creatures vanquished.

Vanquished Creatures (collateral kills)
  Rupert (D)
  A dire elephant (D)
  A death yak (D)
  2 elephants (D)
5 creatures vanquished.

Grand Total: 53 creatures vanquished

Notes
Turn   | Place    | Note
-------+----------+-------------------------------------------
     0 | D        | sircluck the Troll Berserker began the quest for the Orb.
     0 | D        | Reached XP level 1. HP: 22/22 MP: 0/0
    28 | D        | Reached ** piety under Trog
    66 | D        | Reached skill level 4 in Unarmed Combat
    66 | D        | Reached XP level 2. HP: 30/31 MP: 1/1
    85 | D        | Reached XP level 3. HP: 12/39 MP: 2/2
   120 | D        | Noticed a water elemental
   124 | D        | Killed a water elemental
   124 | D        | Reached *** piety under Trog
   125 | D        | Reached skill level 5 in Unarmed Combat
   125 | D        | Reached XP level 4. HP: 49/49 MP: 3/3
   177 | D        | Found a shadowy altar of Dithmenos.
   177 | D        | Noticed a necrophage
   181 | D        | Killed a necrophage
   182 | D        | Reached skill level 5 in Fighting
   182 | D        | Reached skill level 5 in Dodging
   182 | D        | Reached skill level 6 in Unarmed Combat
   182 | D        | Reached XP level 5. HP: 56/57 MP: 4/4
   182 | D        | Found a basalt altar of Yredelemnul.
   182 | D        | Found a sacrificial altar of Ru.
   204 | D        | Found a radiant altar of Vehumet.
   204 | D        | Found a shimmering blue altar of Sif Muna.
   204 | D        | Found an ancient bone altar of Kikubaaqudgha.
   215 | D        | Reached **** piety under Trog
   216 | D        | Reached skill level 7 in Unarmed Combat
   235 | D        | Found a glowing silver altar of Zin.
   235 | D        | Found a glowing golden altar of the Shining One.
   235 | D        | Found a white marble altar of Elyvilon.
   235 | D        | Noticed a deep elf pyromancer
   240 | D        | Killed a deep elf pyromancer
   241 | D        | Reached skill level 9 in Unarmed Combat
   241 | D        | Reached XP level 6. HP: 72/72 MP: 5/5
   241 | D        | Reached XP level 7. HP: 80/80 MP: 6/6
   387 | D        | Found a hide-covered altar of Uskayaw.
   387 | D        | Found an iron altar of Okawaru.
   387 | D        | Found a bloodstained altar of Trog.
   387 | D        | Found an ornate altar of the Wu Jian Council.
   387 | D        | Noticed a human
   387 | D        | Noticed a human
   398 | D        | Killed a human
   399 | D        | Reached skill level 10 in Unarmed Combat
   402 | D        | Killed a human
   402 | D        | Reached ***** piety under Trog
   435 | D        | Noticed a shadow
   441 | D        | Killed a shadow
   441 | D        | Received a gift from Trog
   442 | D        | Reached XP level 8. HP: 65/92 MP: 7/7
   460 | D        | Found a blossoming altar of Fedhas.
   460 | D        | Found a stormy altar of Qazlal.
   460 | D        | Found a snail-covered altar of Cheibriados.
   460 | D        | Found a burning altar of Makhleb.
   460 | D        | Found a shimmering altar of Xom.
   461 | D        | Found a hazy altar of Hepliaklqana.
   461 | D        | Found an opulent altar of Gozag.
   461 | D        | Found a sparkling altar of Nemelex Xobeh.
   461 | D        | Found a corrupted altar of Lugonu.
   461 | D        | Found a viscous altar of Jiyva.
   467 | D        | Reached skill level 11 in Unarmed Combat
   593 | D        | Noticed a two-headed ogre
   597 | D        | Killed a two-headed ogre
   598 | D        | Reached skill level 10 in Fighting
   598 | D        | Reached skill level 10 in Dodging
   604 | D        | Noticed Erolcha
   605 | D        | Noticed a two-headed ogre
   607 | D        | Killed Erolcha
   608 | D        | Reached skill level 12 in Unarmed Combat
   608 | D        | Reached XP level 9. HP: 90/102 MP: 8/8
   615 | D        | Killed a two-headed ogre
   620 | D        | Received a gift from Trog
   621 | D        | Reached skill level 13 in Unarmed Combat
   826 | D        | Noticed a wandering mushroom
   828 | D        | Noticed a wandering mushroom
   830 | D        | Noticed a wandering mushroom
   839 | D        | Killed a wandering mushroom
   843 | D        | Killed a wandering mushroom
   849 | D        | Noticed a cane toad
   849 | D        | Noticed a komodo dragon
   849 | D        | Noticed a cane toad
   854 | D        | Killed a cane toad
   858 | D        | Killed a cane toad
   859 | D        | Reached XP level 10. HP: 113/115 MP: 9/9
   860 | D        | Received a gift from Trog
   861 | D        | Reached skill level 14 in Unarmed Combat
   938 | D        | Reached ****** piety under Trog
   941 | D        | HP: 6/175 [blink frog (17)]
  1037 | D        | Noticed an elephant
  1037 | D        | Noticed an elephant
  1037 | D        | Noticed a dire elephant
  1037 | D        | Noticed a dire elephant
  1041 | D        | Killed an elephant
  1043 | D        | Killed an elephant
  1044 | D        | Reached skill level 15 in Unarmed Combat
  1046 | D        | Killed a dire elephant
  1047 | D        | Noticed Gastronok
  1053 | D        | Killed a dire elephant
  1059 | D        | Killed Gastronok
  1059 | D        | Received a gift from Trog
  1060 | D        | Reached XP level 11. HP: 128/128 MP: 10/10
  1128 | D        | Noticed an azure jelly
  1128 | D        | Noticed an azure jelly
  1128 | D        | Noticed an azure jelly
  1128 | D        | Noticed an azure jelly
  1130 | D        | Noticed Rupert
  1139 | D        | Killed Rupert
  1140 | D        | Reached skill level 16 in Unarmed Combat
  1149 | D        | Noticed a death yak
  1149 | D        | Noticed a death yak
  1150 | D        | Noticed a death yak
  1150 | D        | Noticed a death yak
  1154 | D        | Killed a death yak
  1158 | D        | Killed a death yak
  1161 | D        | Killed a death yak
  1171 | D        | Killed a death yak
  1171 | D        | Received a gift from Trog
  1172 | D        | Reached skill level 17 in Unarmed Combat
  1195 | D        | Slain by a black mamba

Illustrated notes

Levels and vault maps discovered:
D:        dungeon_sprint_mu [sprint_mu_entry_cave, sprint_mu_temple_rooms,
          sprint_mu_d1_spiders, sprint_mu_d2_genie, sprint_mu_d3_branching,
          sprint_mu_orc_legion, sprint_mu_elf_gauntlet, sprint_mu_hive_nellie,
          sprint_mu_lair_fedhas, sprint_mu_vaults_butterflies,
          sprint_mu_slime_circle, sprint_mu_shoals_archi,
          sprint_mu_snake_twists, sprint_mu_blade_basic,
          sprint_mu_crypt_fortress, sprint_mu_tomb_spiral,
          sprint_mu_vestibule_basic, sprint_mu_gehenna_hellfire,
          sprint_mu_dis_giant, sprint_mu_tartarus_statrot,
          sprint_mu_cocytus_islands, sprint_mu_zot1]

Skill      XL: |  1  2  3  4  5  6  7  8  9 10 11 |
---------------+----------------------------------+-----
Fighting       | 3 4 5 8 9 10 11 13 14 | 14.9
Dodging        | 3 4 5 8 9 10 11 13 14 | 14.7
Unarmed Combat | 4 5 6 9 10 12 13 15 17 | 17.3

Action                     |  1- 3 |  4- 6 |  7- 9 | 10-12 || total
---------------------------+-------+-------+-------+-------++-------
  Melee: Unarmed           |    27 |    24 |    79 |    52 ||   182
         Punch             |     2 |       |     4 |     5 ||    11
 Invoke: Berserk           |     1 |     1 |     2 |     3 ||     7
         Brothers in Arms  |       |       |       |     2 ||     2
    Use: Potion            |       |       |       |     1 ||     1
 Armour: Animal skin       |    14 |     7 |    40 |    39 ||   100
  Dodge: Dodged            |    12 |    13 |    41 |    17 ||    83

Table legend: (Time is in decaauts)
 A = Elapsed time spent in this place.
 B = Non-inter-level travel time spent in this place.
 C = Inter-level travel time spent in this place.
 D = Time resting spent in this place.
 E = Time spent auto-exploring this place.
 F = Levels seen in this place.
 G = Mean time per level.
                   A        B        C        D        E       F      G
               +--------+--------+--------+--------+--------+-----+--------+
         Total |   1228 |   1219 |      9 |    700 |     95 |   1 | 1228.0 |
       Dungeon |   1228 |   1219 |      9 |    700 |     95 |   1 | 1228.0 |
               +--------+--------+--------+--------+--------+-----+--------+

Top non-repeatable levels by time:
       D: 1228 daAuts
